 Dungeon Crawl Stone Soup version 0.31.0-11-ge490571c62 (webtiles) character file.

Game seed: 2038904282629196056

178 mopl the Ruffian (level 5, -4/26 HPs)
             Began as a Djinni Shapeshifter on Jan 31, 2024.
             Killed from afar by Ijyb (11 damage)
             ... with a bolt of acid
             ... on level 3 of the Dungeon.
             The game lasted 00:02:30 (1921 turns).

mopl the Ruffian (Djinni Shapeshifter)              Turns: 1921, Time: 00:02:30

Health: -4/26      AC:  0    Str: 15    XL:     5   Next: 89%
Gold:   97         EV: 16    Int: 12    God:
                   SH:  0    Dex: 12

rFire   + +          .
                       - Unarmed
rCold   x . .        (shield currently unavailable)
rNeg    . . .        a - melded +0 animal skin
rPois   ∞            (no helmet)
rElec   .            (no cloak)
rCorr   .            (no gloves)
SInv    .            (boots unavailable)
Will    .....        (no amulet)
Stlth   +            f - ring of wizardry
HPRegen 0.24/turn    l - +4 ring of protection
MPRegen 0.00/turn

%: wizardry (x1), infuse magic (-5 HP)
@: flux-form, corroded, flying, glowing
A: glow, contaminating, flying, reduced hp, sickness immunity, fire resistance
2, cold vulnerability 1, float, innate caster, HP casting, extra vitality 1
a: Begin Untransformation


You were on level 3 of the Dungeon.
You were something dangerously unstable.
You visited 1 branch of the dungeon, and saw 3 of its levels.

You collected 97 gold pieces.

Inventory:

Missiles
 j - 8 poisoned darts (quivered)
 n - 2 atropa-tipped darts
Armour
 a - a +0 animal skin (melded)
 k - a scarf of harm
Jewellery
 f - a ring of wizardry (left hand)
 l - a +4 ring of protection (right hand)
Talismans
 c - a beast talisman
 d - a flux talisman (active)
Wands
 o - a wand of acid (8)
Scrolls
 e - a scroll of identify {unknown}
 h - a scroll of fog {unknown}
 m - a scroll of immolation {unknown}
Potions
 b - a potion of lignification
 g - a potion of mutation {unknown}
 i - a potion of brilliance {unknown}


   Skills:
 + Level 2.4 Fighting
 - Level 2.1 Dodging
 * Level 4.4 Unarmed Combat
 * Level 3.8 Shapeshifting


You knew the following spells:

 Your Spells              Type           Power      Damage    Failure   Level
a - Freeze                Ice            0%         1d3       13%         1
b - Searing Ray           Conj           0%         2d4       21%         2
Your spell library was empty.

Dungeon Overview and Level Annotations

Branches:
Dungeon (3/15)

Altars:

Annotations:
D:3 Ijyb


Innate Abilities, Weirdness & Mutations

You are something dangerously unstable.
You glow with magical radiation, making you easy to see and hit.
Foes you strike become dangerously contaminated with magical radiation.
You are flying.
Your maximum health is decreased, since you lack skill for your form.
You are incapable of wielding weapons or throwing items.
You are immune to sickness and miasma.
You are immune to poison.
Your flesh is very heat resistant. (rF++)
You are vulnerable to cold. (rC-)
You float through the air rather than walking.
You learn spells naturally, not from books.
Your magical power is your life essence.
You have superior vitality. (+4 MHP)


Message History

Things that are here:
a +0 plate armour; a +0 war axe
Items here: ( ))) †.
You punch the bat!
You kill the bat!
Ijyb zaps a wand.
The bolt of acid hits you!
There is a stone staircase leading up, spattered with blood here.
Things that are here:
a +0 plate armour; a +0 war axe; a bat corpse You closely miss Ijyb.
Ijyb zaps a wand.
The bolt of acid misses you.
Ijyb is nearby!
Ijyb zaps a wand.
The bolt of acid hits you! The acid corrodes you!
You begin transforming.
You continue transforming.
Ijyb zaps a wand.
The bolt of acid hits you!
* * * LOW HITPOINT WARNING * * *
You continue transforming.
Ijyb closely misses you.
You continue transforming.
Ijyb hits you with a +0 club.
* * * LOW HITPOINT WARNING * * *
Your transformation has ended.
You turn into something dangerously unstable.
Your +0 animal skin melds into your body.
Ijyb barely misses you.
Unknown command.
Unknown command.
Unknown command.
You hit Ijyb but do no damage.
Ijyb begins to glow.
You hit Ijyb but do no damage.
Ijyb glows dangerously bright.
Ijyb misses you.
You hit Ijyb but do no damage.
Ijyb shudders as magic cascades through her!!
Ijyb twists and deforms.
Ijyb is almost dead.
A hobgoblin comes into view.
Ijyb misses you.
The hobgoblin shouts!
You hit Ijyb but do no damage.
Ijyb begins to glow.
Ijyb is almost dead.
Ijyb zaps a wand.
The bolt of acid hits you!
You die...

..##. ..#. ## ... .#
..#.# ...# # ♣..#
#.#### ♣.# #....#
##+### ♣.# #g#
.....#♣♣.#######p#.##.#
..8..#÷♣.........g....#
.....#♣♣.#######.#.####
#♣'♣##....# #.##.#
........#.# #.# #..
.##.##..#.### #.# ###
.............. ..#
###.#####.#### ### #.#
.#


You could see Ijyb (contam, misshapen) and a hobgoblin.

Vanquished Creatures
  An orc warrior (D:3)
  2 adders
  A dart slug (D:2)
  2 ribbon worms (D:2)
  2 orcs (D:3)
  6 ball pythons
  3 endoplasms
  2 giant cockroaches (D:1)
  8 goblins
  6 hobgoblins
  4 jackals (D:2)
  A quokka (D:1)
  4 bats
  4 frilled lizards
  3 kobolds
  7 rats
56 creatures vanquished.

Notes
Turn   | Place    | Note
-------+----------+-------------------------------------------
     0 | D:1      | mopl the Djinni Shapeshifter began the quest for the Orb.
     0 | D:1      | Reached XP level 1. HP: 17/17 MP: 0/0
   191 | D:1      | Reached XP level 2. HP: 19/22 MP: 0/0
   785 | D:1      | Reached XP level 3. HP: 27/27 MP: 0/0
   785 | D:1      | Learned a level 1 spell: Freeze
  1316 | D:2      | Reached XP level 4. HP: 31/33 MP: 0/0
  1750 | D:3      | Noticed an orc warrior
  1775 | D:3      | Killed an orc warrior
  1776 | D:3      | Reached skill level 4 in Unarmed Combat
  1776 | D:3      | Reached XP level 5. HP: 10/39 MP: 0/0
  1776 | D:3      | Learned a level 2 spell: Searing Ray
  1777 | D:3      | Noticed Ijyb
  1921 | D:3      | Killed from afar by Ijyb

Illustrated notes

Levels and vault maps discovered:
D:1:      spicycebolla_green_bress_n_ham, layout_loops_corners
D:2:      layout_basic
D:3:      minmay_general_purpose_star, layout_loops_ring,
          dilly_ecumenical_altar_fadedgnrine, lightli_corner_chamber, uniq_ijyb

Skill      XL: |  1  2  3  4 |
---------------+-------------+-----
Shapeshifting  | 3 |  3.8
Fighting       | 2 |  2.4
Unarmed Combat | 4 |  4.4
Dodging        | |  2.1

Action                     |  1- 3 |  4- 6 || total
---------------------------+-------+-------++-------
  Melee: Unarmed           |   109 |    41 ||   150
         Punch             |     6 |     1 ||     7
  Evoke: Wand              |       |     1 ||     1
   Stab: Sleeping          |     1 |     1 ||     2
 Armour: Animal skin       |    39 |    23 ||    62
         Skin              |       |     5 ||     5
  Dodge: Dodged            |    58 |    37 ||    95
   Form: Flux              |       |     2 ||     2
         Beast             |       |     1 ||     1
